Moose vs Condors (R1)

Created - November 7, 2024 at 19:09

Goals
1 2 3 T
Moose 3 1 1 5
Condors 1 2 4 7
Shots
1 2 3 T
Moose 12 13 2 27
Condors 9 11 10 30

1st period

1. Condors , Adam Erne 5 (Cody Glass 1, Martin Frk 2) at 10:10
2. Moose , Michael McLeod 9 (Chase De Leo 8, Joey Keane 2) at 19:19
3. Moose , Michael McLeod 10 (Nick Paul 6, Julien Gauthier 6) at 19:45 (PP)
4. Moose , Matthew Benning 2 (Michael McLeod 5) at 19:51

Penalties :
Ludwig Bystrom (Man) for Tripping (Minor) at 11:12, Juuso Valimaki (Man) for Cross-checking (Minor) at 14:38, Cody Glass (Bak) for High sticking (Minor) at 19:36

2nd period

5. Moose , Michael McLeod 11 (Ludwig Bystrom 5, Filip Gustavsson) at 10:29 (PP)
6. Condors , Gustav Olofsson 1 (Nick Shore 9, Alexander Alexeyev 4) at 11:58 (PP)
7. Condors , Nick Shore 4 (Adam Erne 5) at 12:04

Penalties :
Martin Frk (Bak) for Tripping (Minor) at 5:44, Alexander Alexeyev (Bak) for Tripping (Minor) at 9:24, Juuso Valimaki (Man) for Slashing (Minor) at 11:22, Taro Hirose (Bak) for Interference (Minor) at 17:07

3rd period

8. Condors , Cody Glass 2 (Nikolai Knyzhov 4, Nick Shore 10) at 7:16
9. Condors , Tyson Jost 4 (Alexandre Carrier 5, Ryan McLeod 2) at 11:37
10. Moose , Vinni Lettieri 3 (Anders Bjork 6) at 13:40
11. Condors , Adam Erne 6 (Cody Glass 2, Nick Shore 11) at 13:57
12. Condors , Martin Frk 4 (Adam Erne 6, Nick Shore 12) at 19:35 (Empty Net)

Penalties :
Ludwig Bystrom (Man) for Interference (Minor) at 0:03, Taro Hirose (Bak) for Tripping (Minor) at 7:57, Ryan McLeod (Bak) for Delaying the game (Minor) at 16:01

Goalie Stats

Filip Gustavsson (Man), 23 saves from 29 shots - (0.793), L, 4-3-0, 59:35 minutes
Jaxson Stauber (Bak), 7 saves from 8 shots - (0.875), W, 3-0-0, 29:31 minutes
Stuart Skinner (Bak), 15 saves from 19 shots - (0.789), 30:29 minutes

Players Stats for Moose

Player Name              G  A  P  +/- PIM S  H  SB GA TA FO     MP     PP MP  PK MP  
------------------------------------------------------------------------------------
Anders Bjork             0  1  1   1  0   3  3  0  0  0  0/0    17:57   4:01   2:33 
Boris Katchouk           0  0  0   0  0   1  3  0  0  1  0/0    10:51   0:01   0:00 
Caleb Jones              0  0  0  -3  0   0  1  5  0  0  0/0    20:45   3:43   3:04 
Chase De Leo             0  1  1   1  0   0  4  0  1  0  2/8    18:56   4:01   3:28 
Jake Leschyshyn          0  0  0   0  0   0  0  1  0  2  3/7    12:32   0:01   1:29 
Joey Keane               0  1  1   1  0   0  2  1  0  0  0/0    13:34   0:00   2:38 
Josh Mahura              0  0  0   1  0   2  1  1  0  0  0/0    11:08   0:00   0:00 
Julien Gauthier          0  1  1  -3  0   2  2  1  0  1  2/3    19:34   5:08   0:00 
Juuso Valimaki           0  0  0  -3  4   1  2  0  0  0  0/0    19:44   3:43   2:06 
Kieffer Bellows          0  0  0   0  0   0  1  0  1  0  0/0    10:45   0:01   0:00 
Kristian Vesalainen      0  0  0  -1  0   0  1  0  0  0  0/0     7:22   0:00   0:00 
Ludwig Bystrom           0  1  1  -1  4   2  0  2  1  1  0/0    26:48   5:27   1:45 
Lukas Rousek             0  0  0  -1  0   0  0  0  0  0  0/0     7:22   0:00   0:00 
Matthew Benning          1  0  1  -1  0   2  4  0  0  2  0/0    28:13   5:27   3:33 
Michael McLeod           3  1  4  -3  0   10 1  2  0  0  16/37  23:06   5:08   3:28 
Mitchell Stephens        0  0  0  -1  0   0  0  0  0  0  1/3     7:22   0:00   0:00 
Nick Paul                0  1  1  -3  0   2  1  0  0  0  1/1    21:54   5:08   2:08 
Vinni Lettieri           1  0  1   1  0   2  0  0  1  1  0/0    15:30   4:01   0:00 

Players Stats for Condors

Player Name              G  A  P  +/- PIM S  H  SB GA TA FO     MP     PP MP  PK MP  
------------------------------------------------------------------------------------
Adam Erne                2  2  4   4  0   7  5  0  1  0  1/2    23:18   3:31   5:05 
Alexander Alexeyev       0  1  1   1  2   0  1  2  1  1  0/0    19:09   2:48   3:17 
Alexandre Carrier        0  1  1   0  0   0  2  3  1  0  0/0    28:28   3:45   5:26 
Cody Glass               1  2  3   3  2   3  2  0  1  0  1/2    14:54   0:00   0:00 
Connor Hurley            0  0  0   0  0   1  0  1  0  0  0/1     6:54   0:00   0:06 
Evan Bouchard            0  0  0   0  0   0  2  0  0  0  0/0    28:13   3:45   5:11 
Gustav Olofsson          1  0  1   1  0   1  0  1  1  0  0/0    19:52   2:48   3:59 
Jordan Subban            0  0  0   2  0   1  0  1  0  0  0/0    11:55   0:00   0:00 
Klim Kostin              0  0  0  -1  0   2  1  0  1  0  0/0    18:43   2:52   3:42 
Martin Frk               1  1  2   1  2   3  3  0  0  0  1/1    13:46   3:41   0:00 
Nick Shore               1  4  5   4  0   5  1  0  0  0  22/33  20:15   2:52   2:11 
Nikolai Knyzhov          0  1  1   2  0   1  1  0  0  0  0/0    12:22   0:00   0:27 
Pontus Holmberg          0  0  0   0  0   1  2  0  0  1  0/0     6:48   0:00   0:00 
Remi Elie                0  0  0   0  0   0  1  0  1  0  0/0     7:17   0:10   0:13 
Ryan McLeod              0  1  1   0  2   0  2  0  0  0  3/4    10:21   0:00   0:03 
Taro Hirose              0  0  0   0  4   3  0  0  0  0  0/0    10:58   0:00   0:00 
Tyson Jost               1  0  1  -1  0   1  0  1  1  0  5/15   20:04   3:41   5:19 
Yegor Sharangovich       0  0  0  -1  0   1  3  1  0  2  1/1    17:27   2:52   1:41 

3 Stars

1 - Adam Erne (Bak)
2 - Nick Shore (Bak)
3 - Cody Glass (Bak)

Power Play

Moose - 2 on 6 Attempt(s) - 33.33%
Condors - 1 on 4 Attempt(s) - 25.00%

Penalty Kill

Moose - 3 on 4 Attempt(s) - 75.00% - Score 0 goal in Penalty Kill
Condors - 4 on 6 Attempt(s) - 66.67% - Score 0 goal in Penalty Kill

Team Stat

Moose - Hits : 26 - Faceoff Wins : 25 - Blocked Shots : 13 - Penalty Minutes : 8
Condors - Hits : 26 - Faceoff Wins : 34 - Blocked Shots : 10 - Penalty Minutes : 12

Official

Referees : Brad Meier and Kevin Pollock
Linesman : Travis Gawryletz and Brian Mach

Game Notes

Michael McLeod has scored a Hat Trick!
Jaxson Stauber enters game at 10:29 of 2nd period
Martin Frk has scored in a empty net!

Finance

Level 1 -- Attendance: 1938 (96.90%) -- Ticket Income $135,660
Level 2 -- Attendance: 1000 (100.00%) -- Ticket Income $40,000
Total Attendance: 2938 (97.93%)
Total Ticket Income: $175,660
Other Income: $8,783
Total Income: $184,443

Moose

5 vs 5 Forward 
   Center                   Left Wing                Right Wing               Time % Phy DF OF 
 1 Michael McLeod           Nick Paul                Julien Gauthier          40     1   2  2  
 2 Chase De Leo             Anders Bjork             Vinni Lettieri           30     1   2  2  
 3 Jake Leschyshyn          Boris Katchouk           Kieffer Bellows          20     1   2  2  
 4 Mitchell Stephens        Kristian Vesalainen      Lukas Rousek             10     1   2  2  

5 vs 5 Defense 
   Defense                  Defense                                           Time % Phy DF OF 
 1 Ludwig Bystrom           Matthew Benning                                   40     1   2  2  
 2 Juuso Valimaki           Caleb Jones                                       30     1   2  2  
 3 Josh Mahura              Joey Keane                                        20     1   2  2  
 4 Ludwig Bystrom           Matthew Benning                                   10     1   2  2  

PowerPlay Forward 
   Center                   Left Wing                Right Wing               Time % Phy DF OF 
 1 Michael McLeod           Nick Paul                Julien Gauthier          60     1   2  2  
 2 Chase De Leo             Anders Bjork             Vinni Lettieri           40     1   2  2  

PowerPlay Defense
   Defense                  Defense                                           Time % Phy DF OF 
 1 Ludwig Bystrom           Matthew Benning                                   60     1   2  2  
 2 Juuso Valimaki           Caleb Jones                                       40     1   2  2  

Penalty Kill 4 Players Forward 
   Center                   Wing                     Time % Phy DF OF 
 1 Michael McLeod           Chase De Leo             60     1   2  2  
 2 Nick Paul                Anders Bjork             40     1   2  2  

Penalty Kill 4 Players Defense
   Defense                  Defense                  Time % Phy DF OF 
 1 Ludwig Bystrom           Matthew Benning          60     1   2  2  
 2 Juuso Valimaki           Caleb Jones              40     1   2  2  

Penalty Kill - 3 Players Forward 
   Forward                                           Time % Phy DF OF 
 1 Michael McLeod                                    60     1   2  2  
 2 Chase De Leo                                      40     1   2  2  

Penalty Kill - 3 Players Defense
   Defense                  Defense                  Time % Phy DF OF 
 1 Ludwig Bystrom           Matthew Benning          60     1   2  2  
 2 Juuso Valimaki           Caleb Jones              40     1   2  2  

4 vs 4 Forward 
   Center                   Wing                     Time % Phy DF OF 
 1 Michael McLeod           Chase De Leo             60     1   2  2  
 2 Nick Paul                Anders Bjork             40     1   2  2  

4 vs 4 Defense
   Defense                  Defense                  Time % Phy DF OF 
 1 Ludwig Bystrom           Matthew Benning          60     1   2  2  
 2 Juuso Valimaki           Caleb Jones              40     1   2  2  

Last Minutes Offensive
   Center                   Left Wing                Right Wing               Defense                  Defense                  
   Michael McLeod           Nick Paul                Julien Gauthier          Ludwig Bystrom           Matthew Benning          

Last Minutes Defensive
   Center                   Left Wing                Right Wing               Defense                  Defense                  
   Michael McLeod           Nick Paul                Julien Gauthier          Ludwig Bystrom           Matthew Benning          

Goaltenders
Starting : Filip Gustavsson         
Backup : Daniel Vladar            

Extra Forwards
Normal : Julien Gauthier, Boris Katchouk, Jake Leschyshyn - PP : Jake Leschyshyn, Boris Katchouk - PK : Jake Leschyshyn
Extra Defensemen
Normal : Josh Mahura, Joey Keane, Juuso Valimaki - PP : Josh Mahura - PK : Joey Keane, Juuso Valimaki
Penalty Shots
Michael McLeod, Chase De Leo, Nick Paul, Anders Bjork, Julien Gauthier
Custom OT Lines Forwards
Michael McLeod, Chase De Leo, Nick Paul, Anders Bjork, Julien Gauthier, Vinni Lettieri, Boris Katchouk, Jake Leschyshyn, Mitchell Stephens, Kieffer Bellows
Custom OT Lines Defensemen
Ludwig Bystrom, Matthew Benning, Juuso Valimaki, Caleb Jones, Josh Mahura

Scratches
Riley Damiani (Healthy), Alexander Khovanov (Healthy), Jaret Anderson-Dolan (Healthy), Nelson Nogier (Healthy), Adam Ginning (Healthy)
Jonny Tychonick (Healthy), Max Jones (Healthy), Nathan Bastian (Healthy), William Bitten (Healthy), Jonatan Berggren (Healthy)
Juuso Parssinen (Healthy), Joey Daccord (Healthy), Karel Vejmelka (Healthy)

Condors

5 vs 5 Forward 
   Center                   Left Wing                Right Wing               Time % Phy DF OF 
 1 Nick Shore               Adam Erne                Cody Glass               40     1   2  2  
 2 Tyson Jost               Klim Kostin              Yegor Sharangovich       30     1   2  2  
 3 Ryan McLeod              Taro Hirose              Martin Frk               20     1   2  2  
 4 Connor Hurley            Remi Elie                Pontus Holmberg          10     1   2  2  

5 vs 5 Defense 
   Defense                  Defense                                           Time % Phy DF OF 
 1 Alexandre Carrier        Evan Bouchard                                     40     1   2  2  
 2 Gustav Olofsson          Alexander Alexeyev                                30     1   2  2  
 3 Nikolai Knyzhov          Jordan Subban                                     20     1   2  2  
 4 Alexandre Carrier        Evan Bouchard                                     10     1   2  2  

PowerPlay Forward 
   Center                   Left Wing                Right Wing               Time % Phy DF OF 
 1 Tyson Jost               Adam Erne                Martin Frk               60     1   2  2  
 2 Nick Shore               Klim Kostin              Yegor Sharangovich       40     1   2  2  

PowerPlay Defense
   Defense                  Defense                                           Time % Phy DF OF 
 1 Alexandre Carrier        Evan Bouchard                                     60     1   2  2  
 2 Gustav Olofsson          Alexander Alexeyev                                40     1   2  2  

Penalty Kill 4 Players Forward 
   Center                   Wing                     Time % Phy DF OF 
 1 Tyson Jost               Adam Erne                60     1   2  2  
 2 Nick Shore               Klim Kostin              40     1   2  2  

Penalty Kill 4 Players Defense
   Defense                  Defense                  Time % Phy DF OF 
 1 Alexandre Carrier        Evan Bouchard            60     1   2  2  
 2 Gustav Olofsson          Alexander Alexeyev       40     1   2  2  

Penalty Kill - 3 Players Forward 
   Forward                                           Time % Phy DF OF 
 1 Nick Shore                                        60     1   2  2  
 2 Tyson Jost                                        40     1   2  2  

Penalty Kill - 3 Players Defense
   Defense                  Defense                  Time % Phy DF OF 
 1 Alexandre Carrier        Evan Bouchard            60     1   2  2  
 2 Gustav Olofsson          Alexander Alexeyev       40     1   2  2  

4 vs 4 Forward 
   Center                   Wing                     Time % Phy DF OF 
 1 Nick Shore               Adam Erne                60     1   2  2  
 2 Tyson Jost               Klim Kostin              40     1   2  2  

4 vs 4 Defense
   Defense                  Defense                  Time % Phy DF OF 
 1 Alexandre Carrier        Evan Bouchard            60     1   2  2  
 2 Gustav Olofsson          Alexander Alexeyev       40     1   2  2  

Last Minutes Offensive
   Center                   Left Wing                Right Wing               Defense                  Defense                  
   Nick Shore               Adam Erne                Martin Frk               Alexandre Carrier        Evan Bouchard            

Last Minutes Defensive
   Center                   Left Wing                Right Wing               Defense                  Defense                  
   Nick Shore               Adam Erne                Martin Frk               Alexandre Carrier        Evan Bouchard            

Goaltenders
Starting : Stuart Skinner           
Backup : Jaxson Stauber           

Extra Forwards
Normal : Yegor Sharangovich, Klim Kostin, Taro Hirose - PP : Yegor Sharangovich, Klim Kostin - PK : Yegor Sharangovich
Extra Defensemen
Normal : Alexander Alexeyev, Nikolai Knyzhov, Jordan Subban - PP : Alexander Alexeyev - PK : Alexander Alexeyev, Nikolai Knyzhov
Penalty Shots
Adam Erne, Martin Frk, Nick Shore, Tyson Jost, Yegor Sharangovich
Custom OT Lines Forwards
Adam Erne, Martin Frk, Nick Shore, Tyson Jost, Yegor Sharangovich, Klim Kostin, Taro Hirose, Cody Glass, Connor Hurley, Pontus Holmberg
Custom OT Lines Defensemen
Alexandre Carrier, Evan Bouchard, Gustav Olofsson, Alexander Alexeyev, Nikolai Knyzhov

Scratches
Cole Cassels (Healthy), Colin White (Healthy), Semyon Der-Arguchintsev (Healthy), Jeremy Gregoire (Healthy), Robin Salo (Healthy)
Filip Kral (Healthy), Brayden Pachal (Healthy), Filip Johansson (Healthy), Lucas Johansen (Healthy), Cole Fonstad (Healthy)
Jack Perbix (Healthy), Raphael Lavoie (Healthy), Philip Broberg (Sprained Right Ankle Injury), Filip Cederqvist (Healthy), Michael Dipietro (Healthy)

% Time on Ice - Moose

Lines # - Real PCT - Wanted PCT - Time Play
Normal Forward
1 - 33% - 40% - 14:24
2 - 26% - 30% - 11:23
3 - 24% - 20% - 10:25
4 - 17% - 10% - 7:22
Normal Defense
1 - 41% - 40% - 17:59
2 - 31% - 30% - 13:25
3 - 24% - 20% - 10:26
4 - 4% - 10% - 1:44
PP Forward
1 - 56% - 60% - 5:09
2 - 44% - 40% - 4:01
PP Defense
1 - 59% - 60% - 5:27
2 - 41% - 40% - 3:43
PK Forward
1 - 76% - 60% - 4:57
2 - 24% - 40% - 1:36
PK Defense
1 - 55% - 60% - 3:35
2 - 45% - 40% - 2:58
PK3 Forward
1 - 0% - 60%
2 - 0% - 40%
PK3 Defense
1 - 0% - 60%
2 - 0% - 40%
44 Forward
1 - 0% - 60%
2 - 0% - 40%
44 Defense
1 - 0% - 60%
2 - 0% - 40%
Last Minute Offensive  - 0:43
Last Minute Defensive  - 0:00
Total
Forward - 60:00
Defense - 60:00

% Time on Ice - Condors

Lines # - Real PCT - Wanted PCT - Time Play
Normal Forward
1 - 36% - 40% - 15:51
2 - 26% - 30% - 11:09
3 - 22% - 20% - 9:47
4 - 16% - 10% - 6:48
Normal Defense
1 - 40% - 40% - 17:29
2 - 30% - 30% - 13:05
3 - 27% - 20% - 11:55
4 - 3% - 10% - 1:06
PP Forward
1 - 56% - 60% - 3:41
2 - 44% - 40% - 2:52
PP Defense
1 - 57% - 60% - 3:45
2 - 43% - 40% - 2:48
PK Forward
1 - 76% - 60% - 6:59
2 - 24% - 40% - 2:11
PK Defense
1 - 57% - 60% - 5:11
2 - 43% - 40% - 3:59
PK3 Forward
1 - 0% - 60%
2 - 0% - 40%
PK3 Defense
1 - 0% - 60%
2 - 0% - 40%
44 Forward
1 - 0% - 60%
2 - 0% - 40%
44 Defense
1 - 0% - 60%
2 - 0% - 40%
Last Minute Offensive  - 0:00
Last Minute Defensive  - 0:42
Total
Forward - 60:00
Defense - 60:00

Play-by-Play

1st period


0:01 of 1st period - Nick Shore wins face-off versus Michael McLeod in neutral zone.
0:26 of 1st period - Snap shot by Anders Bjork.
0:26 of 1st period - Deflect By Chase De Leo.
0:26 of 1st period - Shot Blocked by Alexandre Carrier.
0:26 of 1st period - Puck is out of play.
0:27 of 1st period - Yegor Sharangovich wins face-off versus Chase De Leo in Condors zone.
0:47 of 1st period - Juuso Valimaki is hit by Yegor Sharangovich and loses puck.
1:08 of 1st period - Snap shot by Chase De Leo.
1:08 of 1st period - Shot Misses the Net.
2:06 of 1st period - Slapshot by Anders Bjork.
2:06 of 1st period - Stopped by Stuart Skinner with a rebound.
2:08 of 1st period - Wrist shot by Chase De Leo.
2:08 of 1st period - Shot Misses the Net.
3:07 of 1st period - Wrist shot by Chase De Leo.
3:07 of 1st period - Shot Misses the Net.
3:15 of 1st period - Snap shot by Anders Bjork.
3:15 of 1st period - Deflect By Vinni Lettieri.
3:15 of 1st period - Stopped by Stuart Skinner with a rebound.
3:17 of 1st period - Slapshot by Juuso Valimaki.
3:17 of 1st period - Shot Misses the Net.
3:19 of 1st period - Slapshot by Juuso Valimaki.
3:19 of 1st period - Shot Blocked by Yegor Sharangovich.
3:31 of 1st period - Slapshot by Anders Bjork.
3:31 of 1st period - Shot Misses the Net.
3:33 of 1st period - Slapshot by Juuso Valimaki.
3:33 of 1st period - Stopped by Stuart Skinner without a rebound.
3:34 of 1st period - Nick Shore wins face-off versus Michael McLeod in Condors zone.
4:44 of 1st period - Gustav Olofsson is hit by Boris Katchouk and loses puck.
4:53 of 1st period - Snap shot by Boris Katchouk.
4:53 of 1st period - Stopped by Stuart Skinner without a rebound.
4:54 of 1st period - Mitchell Stephens wins face-off versus Ryan McLeod in Condors zone.
5:09 of 1st period - Slapshot by Martin Frk.
5:09 of 1st period - Stopped by Filip Gustavsson without a rebound.
5:10 of 1st period - Nick Shore wins face-off versus Jake Leschyshyn in Moose zone.
5:19 of 1st period - Matthew Benning is hit by Cody Glass and loses puck.
6:06 of 1st period - Matthew Benning is hit by Pontus Holmberg.
6:16 of 1st period - Josh Mahura is hit by Cody Glass and loses puck.
6:35 of 1st period - Wrist shot by Taro Hirose.
6:35 of 1st period - Stopped by Filip Gustavsson without a rebound.
6:36 of 1st period - Ryan McLeod wins face-off versus Michael McLeod in Moose zone.
6:55 of 1st period - Slapshot by Taro Hirose.
6:55 of 1st period - Stopped by Filip Gustavsson without a rebound.
6:56 of 1st period - Jake Leschyshyn wins face-off versus Nick Shore in Moose zone.
6:56 of 1st period - Jake Leschyshyn is hit by Nikolai Knyzhov.
7:55 of 1st period - Snap shot by Pontus Holmberg.
7:55 of 1st period - Stopped by Filip Gustavsson with a rebound.
8:07 of 1st period - Wrist shot by Michael McLeod.
8:07 of 1st period - Stopped by Stuart Skinner without a rebound.
8:08 of 1st period - Jake Leschyshyn wins face-off versus Nick Shore in Condors zone.
9:16 of 1st period - Nick Shore is hit by Joey Keane and loses puck.
9:38 of 1st period - Icing by Gustav Olofsson.
9:39 of 1st period - Martin Frk wins face-off versus Michael McLeod in Condors zone.
10:08 of 1st period - Wrist shot by Cody Glass.
10:08 of 1st period - Deflect By Adam Erne.
10:08 of 1st period - Stopped by Filip Gustavsson with a rebound.
10:10 of 1st period - Wrist shot by Adam Erne.
10:10 of 1st period - Goal by Adam Erne - Moose : 0 - Condors : 1.
10:11 of 1st period - Michael McLeod wins face-off versus Nick Shore in neutral zone.
10:36 of 1st period - Boris Katchouk is hit by Martin Frk and loses puck.
10:48 of 1st period - Off-side.
10:49 of 1st period - Nick Shore wins face-off versus Mitchell Stephens in neutral zone.
11:00 of 1st period - Wrist shot by Nick Shore.
11:00 of 1st period - Stopped by Filip Gustavsson without a rebound.
11:01 of 1st period - Nick Shore wins face-off versus Michael McLeod in Moose zone.
11:02 of 1st period - Wrist shot by Adam Erne.
11:02 of 1st period - Shot Blocked by Michael McLeod.
11:04 of 1st period - Wrist shot by Alexandre Carrier.
11:04 of 1st period - Deflect By Adam Erne.
11:04 of 1st period - Shot Misses the Net.
11:04 of 1st period - Puck is out of play.
11:05 of 1st period - Nick Shore wins face-off versus Michael McLeod in Moose zone.
11:06 of 1st period - Wrist shot by Cody Glass.
11:06 of 1st period - Shot Misses the Net.
11:08 of 1st period - Slapshot by Nick Shore.
11:08 of 1st period - Stopped by Filip Gustavsson without a rebound.
11:09 of 1st period - Michael McLeod wins face-off versus Nick Shore in Moose zone.
11:09 of 1st period - Michael McLeod is hit by Adam Erne.
11:12 of 1st period - Minor Penalty to Ludwig Bystrom for Tripping.
11:13 of 1st period - Michael McLeod wins face-off versus Tyson Jost in Moose zone.
11:51 of 1st period - Slapshot by Klim Kostin.
11:51 of 1st period - Shot Misses the Net.
12:43 of 1st period - Yegor Sharangovich is hit by Chase De Leo and loses puck.
13:12 of 1st period - Penalty to Ludwig Bystrom is over, Ludwig Bystrom is back on ice.
13:18 of 1st period - Matthew Benning is hit by Nick Shore and loses puck.
14:38 of 1st period - Minor Penalty to Juuso Valimaki for Cross-checking.
14:39 of 1st period - Tyson Jost wins face-off versus Michael McLeod in Moose zone.
15:54 of 1st period - Alexander Alexeyev is hit by Anders Bjork and loses puck.
16:01 of 1st period - Joey Keane is hit by Alexandre Carrier.
16:27 of 1st period - Adam Erne is hit by Matthew Benning.
16:38 of 1st period - Penalty to Juuso Valimaki is over, Juuso Valimaki is back on ice.
16:49 of 1st period - Snap shot by Pontus Holmberg.
16:49 of 1st period - Shot Misses the Net.
16:51 of 1st period - Wrist shot by Remi Elie.
16:51 of 1st period - Shot Misses the Net.
16:53 of 1st period - Snap shot by Connor Hurley.
16:53 of 1st period - Stopped by Filip Gustavsson without a rebound.
16:54 of 1st period - Jake Leschyshyn wins face-off versus Connor Hurley in Moose zone.
17:05 of 1st period - Slapshot by Remi Elie.
17:05 of 1st period - Shot Misses the Net.
17:40 of 1st period - Wrist shot by Chase De Leo.
17:40 of 1st period - Shot Misses the Net.
17:42 of 1st period - Slapshot by Juuso Valimaki.
17:42 of 1st period - Deflect By Anders Bjork.
17:42 of 1st period - Shot Misses the Net.
17:42 of 1st period - Puck is out of play.
17:43 of 1st period - Tyson Jost wins face-off versus Chase De Leo in Condors zone.
17:43 of 1st period - Tyson Jost is hit by Matthew Benning.
17:53 of 1st period - Slapshot by Chase De Leo.
17:53 of 1st period - Shot Blocked by Alexandre Carrier.
19:17 of 1st period - Snap shot by Michael McLeod.
19:17 of 1st period - Shot Misses the Net.
19:19 of 1st period - Slapshot by Michael McLeod.
19:19 of 1st period - Goal by Michael McLeod - Moose : 1 - Condors : 1.
19:20 of 1st period - Michael McLeod wins face-off versus Nick Shore in neutral zone.
19:29 of 1st period - Wrist shot by Michael McLeod.
19:29 of 1st period - Stopped by Stuart Skinner with a rebound.
19:31 of 1st period - Wrist shot by Matthew Benning.
19:31 of 1st period - Shot Blocked by Gustav Olofsson.
19:33 of 1st period - Slapshot by Ludwig Bystrom.
19:33 of 1st period - Stopped by Stuart Skinner without a rebound.
19:34 of 1st period - Nick Shore wins face-off versus Michael McLeod in Condors zone.
19:36 of 1st period - Minor Penalty to Cody Glass for High sticking.
19:37 of 1st period - Michael McLeod wins face-off versus Tyson Jost in Condors zone.
19:39 of 1st period - Slapshot by Michael McLeod.
19:39 of 1st period - Stopped by Stuart Skinner with a rebound.
19:41 of 1st period - Snap shot by Julien Gauthier.
19:41 of 1st period - Shot Blocked by Alexandre Carrier.
19:43 of 1st period - Snap shot by Nick Paul.
19:43 of 1st period - Stopped by Stuart Skinner with a rebound.
19:45 of 1st period - Wrist shot by Michael McLeod.
19:45 of 1st period - Goal by Michael McLeod - Moose : 2 - Condors : 1.
19:46 of 1st period - Michael McLeod wins face-off versus Nick Shore in neutral zone.
19:51 of 1st period - Slapshot by Matthew Benning.
19:51 of 1st period - Goal by Matthew Benning - Moose : 3 - Condors : 1.
19:52 of 1st period - Nick Shore wins face-off versus Michael McLeod in neutral zone.
19:55 of 1st period - Snap shot by Alexandre Carrier.
19:55 of 1st period - Shot Blocked by Ludwig Bystrom.
Goals for this period are 3 for Moose vs 1 for Condors.
Shots for this period are 12 for Moose vs 9 for Condors.

2nd period


0:01 of 2nd period - Cody Glass wins face-off versus Michael McLeod in neutral zone.
0:12 of 2nd period - Slapshot by Alexandre Carrier.
0:12 of 2nd period - Shot Blocked by Michael McLeod.
0:14 of 2nd period - Wrist shot by Adam Erne.
0:14 of 2nd period - Stopped by Filip Gustavsson without a rebound.
0:15 of 2nd period - Chase De Leo wins face-off versus Tyson Jost in Moose zone.
1:01 of 2nd period - Matthew Benning is hit by Martin Frk and loses puck.
1:08 of 2nd period - Slapshot by Martin Frk.
1:08 of 2nd period - Shot Misses the Net.
1:51 of 2nd period - Wrist shot by Nick Paul.
1:51 of 2nd period - Shot Misses the Net.
2:05 of 2nd period - Wrist shot by Chase De Leo.
2:05 of 2nd period - Shot Misses the Net.
2:07 of 2nd period - Slapshot by Vinni Lettieri.
2:07 of 2nd period - Shot Blocked by Jordan Subban.
2:47 of 2nd period - Snap shot by Klim Kostin.
2:47 of 2nd period - Shot Misses the Net.
2:51 of 2nd period - Snap shot by Yegor Sharangovich.
2:51 of 2nd period - Stopped by Filip Gustavsson with a rebound.
3:19 of 2nd period - Slapshot by Josh Mahura.
3:19 of 2nd period - Stopped by Stuart Skinner with a rebound.
3:21 of 2nd period - Wrist shot by Michael McLeod.
3:21 of 2nd period - Stopped by Stuart Skinner with a rebound.
3:23 of 2nd period - Wrist shot by Julien Gauthier.
3:23 of 2nd period - Deflect By Connor Hurley.
3:23 of 2nd period - Shot Blocked by Connor Hurley.
3:23 of 2nd period - Puck is out of play.
3:24 of 2nd period - Nick Shore wins face-off versus Michael McLeod in Condors zone.
3:51 of 2nd period - Yegor Sharangovich is hit by Anders Bjork and loses puck.
4:00 of 2nd period - Tyson Jost is hit by Chase De Leo and loses puck.
4:25 of 2nd period - Wrist shot by Boris Katchouk.
4:25 of 2nd period - Shot Misses the Net.
4:35 of 2nd period - Ludwig Bystrom is hit by Adam Erne and loses puck.
5:09 of 2nd period - Julien Gauthier is hit by Pontus Holmberg and loses puck.
5:20 of 2nd period - Matthew Benning is hit by Alexandre Carrier and loses puck.
5:39 of 2nd period - Wrist shot by Jake Leschyshyn.
5:39 of 2nd period - Shot Misses the Net.
5:44 of 2nd period - Minor Penalty to Martin Frk for Tripping.
5:45 of 2nd period - Michael McLeod wins face-off versus Tyson Jost in Condors zone.
5:45 of 2nd period - Snap shot by Julien Gauthier.
5:45 of 2nd period - Shot Misses the Net.
6:37 of 2nd period - Nick Shore is hit by Nick Paul.
6:51 of 2nd period - Snap shot by Klim Kostin.
6:51 of 2nd period - Stopped by Filip Gustavsson with a rebound.
6:59 of 2nd period - Yegor Sharangovich is hit by Chase De Leo.
7:44 of 2nd period - Penalty to Martin Frk is over, Martin Frk is back on ice.
7:49 of 2nd period - Wrist shot by Martin Frk.
7:49 of 2nd period - Stopped by Filip Gustavsson without a rebound.
7:50 of 2nd period - Ryan McLeod wins face-off versus Jake Leschyshyn in Moose zone.
8:02 of 2nd period - Off-side.
8:03 of 2nd period - Ryan McLeod wins face-off versus Jake Leschyshyn in neutral zone.
8:13 of 2nd period - Slapshot by Juuso Valimaki.
8:13 of 2nd period - Deflect By Jake Leschyshyn.
8:13 of 2nd period - Shot Misses the Net.
8:13 of 2nd period - Puck is out of play.
8:14 of 2nd period - Julien Gauthier wins face-off versus Nick Shore in Condors zone.
8:19 of 2nd period - Snap shot by Julien Gauthier.
8:19 of 2nd period - Stopped by Stuart Skinner without a rebound.
8:20 of 2nd period - Nick Shore wins face-off versus Julien Gauthier in Condors zone.
8:31 of 2nd period - Snap shot by Nick Paul.
8:31 of 2nd period - Stopped by Stuart Skinner with a rebound.
9:05 of 2nd period - Martin Frk is hit by Boris Katchouk and loses puck.
9:16 of 2nd period - Juuso Valimaki is hit by Ryan McLeod and loses puck.
9:24 of 2nd period - Minor Penalty to Alexander Alexeyev for Tripping.
9:25 of 2nd period - Michael McLeod wins face-off versus Tyson Jost in Condors zone.
9:38 of 2nd period - Snap shot by Michael McLeod.
9:38 of 2nd period - Stopped by Stuart Skinner with a rebound.
9:40 of 2nd period - Slapshot by Ludwig Bystrom.
9:40 of 2nd period - Shot Misses the Net.
10:03 of 2nd period - Snap shot by Nick Shore.
10:03 of 2nd period - Stopped by Filip Gustavsson without a rebound.
10:04 of 2nd period - Michael McLeod wins face-off versus Nick Shore in Moose zone.
10:13 of 2nd period - Wrist shot by Michael McLeod.
10:13 of 2nd period - Shot Misses the Net.
10:15 of 2nd period - Slapshot by Julien Gauthier.
10:15 of 2nd period - Stopped by Stuart Skinner without a rebound.
10:16 of 2nd period - Adam Erne wins face-off versus Michael McLeod in Condors zone.
10:29 of 2nd period - Wrist shot by Michael McLeod.
10:29 of 2nd period - Goal by Michael McLeod - Moose : 4 - Condors : 1.
10:29 of 2nd period - Jaxson Stauber enters game.
10:30 of 2nd period - Nick Paul wins face-off versus Cody Glass in neutral zone.
10:33 of 2nd period - Wrist shot by Michael McLeod.
10:33 of 2nd period - Stopped by Jaxson Stauber without a rebound.
10:34 of 2nd period - Nick Shore wins face-off versus Michael McLeod in Condors zone.
10:50 of 2nd period - Wrist shot by Michael McLeod.
10:50 of 2nd period - Stopped by Jaxson Stauber with a rebound.
11:04 of 2nd period - Wrist shot by Alexandre Carrier.
11:04 of 2nd period - Shot Misses the Net.
11:20 of 2nd period - Snap shot by Taro Hirose.
11:20 of 2nd period - Shot Misses the Net.
11:22 of 2nd period - Minor Penalty to Juuso Valimaki for Slashing.
11:23 of 2nd period - Tyson Jost wins face-off versus Chase De Leo in Moose zone.
11:26 of 2nd period - Wrist shot by Tyson Jost.
11:26 of 2nd period - Shot Misses the Net.
11:28 of 2nd period - Slapshot by Gustav Olofsson.
11:28 of 2nd period - Shot Misses the Net.
11:38 of 2nd period - Snap shot by Adam Erne.
11:38 of 2nd period - Stopped by Filip Gustavsson with a rebound.
11:40 of 2nd period - Slapshot by Alexander Alexeyev.
11:40 of 2nd period - Shot Misses the Net.
11:58 of 2nd period - Snap shot by Gustav Olofsson.
11:58 of 2nd period - Goal by Gustav Olofsson - Moose : 4 - Condors : 2.
11:59 of 2nd period - Nick Shore wins face-off versus Michael McLeod in neutral zone.
12:04 of 2nd period - Slapshot by Nick Shore.
12:04 of 2nd period - Goal by Nick Shore - Moose : 4 - Condors : 3.
12:05 of 2nd period - Julien Gauthier wins face-off versus Adam Erne in neutral zone.
12:08 of 2nd period - Slapshot by Ludwig Bystrom.
12:08 of 2nd period - Shot Blocked by Alexander Alexeyev.
12:14 of 2nd period - Wrist shot by Nick Shore.
12:14 of 2nd period - Stopped by Filip Gustavsson with a rebound.
12:16 of 2nd period - Slapshot by Gustav Olofsson.
12:16 of 2nd period - Shot Blocked by Ludwig Bystrom.
12:18 of 2nd period - Snap shot by Cody Glass.
12:18 of 2nd period - Shot Misses the Net.
12:30 of 2nd period - Anders Bjork is hit by Alexander Alexeyev and loses puck.
12:41 of 2nd period - Wrist shot by Anders Bjork.
12:41 of 2nd period - Stopped by Jaxson Stauber without a rebound.
12:42 of 2nd period - Nick Shore wins face-off versus Michael McLeod in Condors zone.
13:16 of 2nd period - Yegor Sharangovich is hit by Chase De Leo and loses puck.
13:50 of 2nd period - Icing by Martin Frk.
13:51 of 2nd period - Nick Shore wins face-off versus Mitchell Stephens in Condors zone.
14:00 of 2nd period - Slapshot by Ludwig Bystrom.
14:00 of 2nd period - Stopped by Jaxson Stauber without a rebound.
14:01 of 2nd period - Nick Shore wins face-off versus Michael McLeod in Condors zone.
14:01 of 2nd period - Nick Shore is hit by Julien Gauthier.
14:21 of 2nd period - Ludwig Bystrom is hit by Evan Bouchard and loses puck.
15:00 of 2nd period - Slapshot by Matthew Benning.
15:00 of 2nd period - Stopped by Jaxson Stauber with a rebound.
15:02 of 2nd period - Wrist shot by Anders Bjork.
15:02 of 2nd period - Stopped by Jaxson Stauber without a rebound.
15:03 of 2nd period - Nick Shore wins face-off versus Chase De Leo in Condors zone.
15:45 of 2nd period - Slapshot by Boris Katchouk.
15:45 of 2nd period - Shot Blocked by Alexander Alexeyev.
15:55 of 2nd period - Gustav Olofsson is hit by Joey Keane and loses puck.
16:34 of 2nd period - Adam Erne is hit by Anders Bjork and loses puck.
16:49 of 2nd period - Boris Katchouk is hit by Yegor Sharangovich and loses puck.
17:07 of 2nd period - Minor Penalty to Taro Hirose for Interference.
17:08 of 2nd period - Michael McLeod wins face-off versus Tyson Jost in Condors zone.
17:34 of 2nd period - Ludwig Bystrom is hit by Adam Erne.
17:51 of 2nd period - Slapshot by Nick Shore.
17:51 of 2nd period - Shot Misses the Net.
18:13 of 2nd period - Alexander Alexeyev is hit by Michael McLeod.
18:17 of 2nd period - Tyson Jost is hit by Julien Gauthier and loses puck.
18:40 of 2nd period - Icing by Matthew Benning.
18:41 of 2nd period - Nick Shore wins face-off versus Chase De Leo in Moose zone.
19:07 of 2nd period - Penalty to Taro Hirose is over, Taro Hirose is back on ice.
19:18 of 2nd period - Snap shot by Yegor Sharangovich.
19:18 of 2nd period - Shot Misses the Net.
19:20 of 2nd period - Slapshot by Klim Kostin.
19:20 of 2nd period - Stopped by Filip Gustavsson with a rebound.
19:22 of 2nd period - Backhand shot by Alexandre Carrier.
19:22 of 2nd period - Shot Blocked by Jake Leschyshyn.
19:52 of 2nd period - Wrist shot by Taro Hirose.
19:52 of 2nd period - Stopped by Filip Gustavsson with a rebound.
19:54 of 2nd period - Slapshot by Taro Hirose.
19:54 of 2nd period - Shot Misses the Net.
Goals for this period are 1 for Moose vs 2 for Condors.
Shots for this period are 13 for Moose vs 11 for Condors.

3rd period


0:01 of 3rd period - Michael McLeod wins face-off versus Nick Shore in neutral zone.
0:03 of 3rd period - Minor Penalty to Ludwig Bystrom for Interference.
0:04 of 3rd period - Michael McLeod wins face-off versus Tyson Jost in Moose zone.
2:03 of 3rd period - Penalty to Ludwig Bystrom is over, Ludwig Bystrom is back on ice.
2:21 of 3rd period - Pontus Holmberg is hit by Kristian Vesalainen and loses puck.
3:13 of 3rd period - Yegor Sharangovich is hit by Juuso Valimaki.
3:34 of 3rd period - Ludwig Bystrom is hit by Ryan McLeod and loses puck.
4:11 of 3rd period - Snap shot by Josh Mahura.
4:11 of 3rd period - Stopped by Jaxson Stauber without a rebound.
4:12 of 3rd period - Tyson Jost wins face-off versus Chase De Leo in Condors zone.
4:23 of 3rd period - Wrist shot by Tyson Jost.
4:23 of 3rd period - Shot Blocked by Caleb Jones.
4:37 of 3rd period - Juuso Valimaki is hit by Remi Elie and loses puck.
5:17 of 3rd period - Nick Shore is hit by Caleb Jones and loses puck.
6:32 of 3rd period - Icing by Cody Glass.
6:33 of 3rd period - Nick Shore wins face-off versus Michael McLeod in Condors zone.
6:48 of 3rd period - Snap shot by Adam Erne.
6:48 of 3rd period - Stopped by Filip Gustavsson with a rebound.
6:50 of 3rd period - Snap shot by Adam Erne.
6:50 of 3rd period - Shot Misses the Net.
6:52 of 3rd period - Snap shot by Cody Glass.
6:52 of 3rd period - Shot Blocked by Julien Gauthier.
6:54 of 3rd period - Slapshot by Jordan Subban.
6:54 of 3rd period - Shot Blocked by Caleb Jones.
6:56 of 3rd period - Snap shot by Nick Shore.
6:56 of 3rd period - Shot Misses the Net.
7:06 of 3rd period - Backhand shot by Adam Erne.
7:06 of 3rd period - Shot Blocked by Caleb Jones.
7:12 of 3rd period - Snap shot by Nick Shore.
7:12 of 3rd period - Shot Misses the Net.
7:14 of 3rd period - Snap shot by Nikolai Knyzhov.
7:14 of 3rd period - Stopped by Filip Gustavsson with a rebound.
7:16 of 3rd period - Wrist shot by Cody Glass.
7:16 of 3rd period - Goal by Cody Glass - Moose : 4 - Condors : 4.
7:17 of 3rd period - Chase De Leo wins face-off versus Tyson Jost in neutral zone.
7:30 of 3rd period - Anders Bjork is hit by Evan Bouchard and loses puck.
7:57 of 3rd period - Minor Penalty to Taro Hirose for Tripping.
7:58 of 3rd period - Michael McLeod wins face-off versus Tyson Jost in Condors zone.
8:24 of 3rd period - Adam Erne is hit by Juuso Valimaki and loses puck.
8:45 of 3rd period - Snap shot by Klim Kostin.
8:45 of 3rd period - Shot Blocked by Caleb Jones.
8:47 of 3rd period - Slapshot by Alexander Alexeyev.
8:47 of 3rd period - Shot Blocked by Caleb Jones.
9:57 of 3rd period - Penalty to Taro Hirose is over, Taro Hirose is back on ice.
10:05 of 3rd period - Taro Hirose is hit by Boris Katchouk and loses puck.
10:49 of 3rd period - Nikolai Knyzhov is hit by Kieffer Bellows and loses puck.
10:52 of 3rd period - Slapshot by Cody Glass.
10:52 of 3rd period - Stopped by Filip Gustavsson with a rebound.
11:11 of 3rd period - Remi Elie is hit by Matthew Benning and loses puck.
11:33 of 3rd period - Slapshot by Alexandre Carrier.
11:33 of 3rd period - Shot Blocked by Joey Keane.
11:35 of 3rd period - Wrist shot by Tyson Jost.
11:35 of 3rd period - Shot Misses the Net.
11:37 of 3rd period - Wrist shot by Tyson Jost.
11:37 of 3rd period - Goal by Tyson Jost - Moose : 4 - Condors : 5.
11:38 of 3rd period - Nick Shore wins face-off versus Michael McLeod in neutral zone.
12:03 of 3rd period - Vinni Lettieri is hit by Yegor Sharangovich and loses puck.
13:40 of 3rd period - Slapshot by Vinni Lettieri.
13:40 of 3rd period - Goal by Vinni Lettieri - Moose : 5 - Condors : 5.
13:41 of 3rd period - Nick Shore wins face-off versus Michael McLeod in neutral zone.
13:44 of 3rd period - Snap shot by Adam Erne.
13:44 of 3rd period - Stopped by Filip Gustavsson without a rebound.
13:45 of 3rd period - Michael McLeod wins face-off versus Nick Shore in Moose zone.
13:45 of 3rd period - Michael McLeod is hit by Adam Erne.
13:55 of 3rd period - Backhand shot by Cody Glass.
13:55 of 3rd period - Stopped by Filip Gustavsson with a rebound.
13:57 of 3rd period - Snap shot by Adam Erne.
13:57 of 3rd period - Goal by Adam Erne - Moose : 5 - Condors : 6.
13:58 of 3rd period - Nick Shore wins face-off versus Michael McLeod in neutral zone.
14:25 of 3rd period - Chase De Leo is hit by Klim Kostin.
14:52 of 3rd period - Josh Mahura is hit by Martin Frk and loses puck.
14:57 of 3rd period - Slapshot by Taro Hirose.
14:57 of 3rd period - Shot Misses the Net.
16:01 of 3rd period - Minor Penalty to Ryan McLeod for Delaying the game.
16:02 of 3rd period - Michael McLeod wins face-off versus Tyson Jost in Condors zone.
16:03 of 3rd period - Wrist shot by Nick Paul.
16:03 of 3rd period - Deflect By Michael McLeod.
16:03 of 3rd period - Deflect By Adam Erne.
16:03 of 3rd period - Shot Blocked by Tyson Jost.
16:03 of 3rd period - Puck is out of play.
16:04 of 3rd period - Tyson Jost wins face-off versus Michael McLeod in Condors zone.
16:19 of 3rd period - Adam Erne is hit by Matthew Benning and loses puck.
18:01 of 3rd period - Penalty to Ryan McLeod is over, Ryan McLeod is back on ice.
18:14 of 3rd period - Backhand shot by Cody Glass.
18:14 of 3rd period - Shot Misses the Net.
18:16 of 3rd period - Wrist shot by Jordan Subban.
18:16 of 3rd period - Stopped by Filip Gustavsson without a rebound.
18:17 of 3rd period - Nick Shore wins face-off versus Jake Leschyshyn in Moose zone.
18:40 of 3rd period - Ryan McLeod is hit by Josh Mahura and loses puck.
18:47 of 3rd period - Slapshot by Alexandre Carrier.
18:47 of 3rd period - Shot Blocked by Josh Mahura.
19:06 of 3rd period - Nick Paul is hit by Adam Erne.
19:10 of 3rd period - Moose, Filip Gustavsson is pulled from the net.
19:35 of 3rd period - Slapshot by Martin Frk.
19:35 of 3rd period - Goal by Martin Frk - Moose : 5 - Condors : 7.
19:35 of 3rd period - Filip Gustavsson from Moose was sent back in the game.
19:36 of 3rd period - Michael McLeod wins face-off versus Nick Shore in neutral zone.
Goals for this period are 1 for Moose vs 4 for Condors.
Shots for this period are 2 for Moose vs 10 for Condors.